 Dungeon Crawl Stone Soup version 0.31-a0-977-gc230f8ef24 (webtiles) character file.

Game seed: 5834931910124193064

1330 zazu2006 the Ruffian (level 8, -3/57 (61) HPs)
             Began as a Gnoll Shapeshifter on Oct 29, 2023.
             Was an Initiate of Vehumet.
             Slain by a wight
             ... wielding a +2 war axe
              (14 damage)
             ... on level 6 of the Dungeon.
             The game lasted 00:11:43 (4995 turns).

zazu2006 the Ruffian (Gnoll Shapeshifter)           Turns: 4995, Time: 00:11:44

HP:   -3/57 (61)    AC:  2    Str: 13    XL:     8   Next: 60%
MP:   13/13         EV: 19    Int: 12    God:    Vehumet [......]
Gold: 261           SH:  0    Dex: 12    Spells: 13/14 levels left

rFire   . .          .
                       - Unarmed
rCold   . . .        (shield currently unavailable)
rNeg    . . .        a - +0 animal skin
rPois   .            (no helmet)
rElec   .            (no cloak)
rCorr   .            (no gloves)
SInv    +            (no boots)
Will    .....        (no amulet)
Stlth   +            g - ring of see invisible
HPRegen 0.29/turn    i - +5 ring of evasion
MPRegen 0.13/turn

%: no passive effects
@: flux-form, glowing, drained
A: glow, contaminating, fangs 1, strong nose, distributed training
a: Begin Untransformation, Renounce Religion


You were on level 6 of the Dungeon.
You worshipped Vehumet.
Vehumet was noncommittal.
You were something dangerously unstable.
You visited 2 branches of the dungeon, and saw 7 of its levels.

You collected 294 gold pieces.
You spent 33 gold pieces at shops.

Inventory:

Missiles
 n - 9 javelins
Armour
 a - a +0 animal skin (worn)
 m - a +0 cloak
Jewellery
 g - a ring of see invisible (left hand)
 i - a +5 ring of evasion (right hand)
 w - a +5 ring of evasion
Talismans
 c - a beast talisman
 d - a flux talisman (active)
Wands
 r - a wand of flame (24)
 t - a wand of charming (17)
Scrolls
 f - 2 scrolls of identify {unknown}
 k - 2 scrolls of teleportation {unknown}
 l - 2 scrolls of fear {unknown}
 o - a scroll of vulnerability {unknown}
 p - a scroll of acquirement {unknown}
 s - a scroll of immolation {unknown}
 u - a scroll of blinking {unknown}
 y - a scroll of noise {unknown}
Potions
 b - 3 potions of lignification
 e - a potion of heal wounds
 h - 4 potions of curing
 j - 3 potions of attraction {unknown}
 q - 2 potions of might {unknown}
 v - a potion of ambrosia {unknown}
 x - a potion of brilliance {unknown}
 z - a potion of invisibility {unknown}


   Skills:
 + Level 4.4 Fighting
 + Level 3.5 Short Blades
 + Level 3.5 Long Blades
 + Level 3.5 Axes
 + Level 3.5 Maces & Flails
 + Level 3.5 Polearms
 + Level 3.5 Staves
 + Level 3.5 Ranged Weapons
 + Level 3.5 Throwing
 + Level 3.5 Armour
 + Level 5.8 Dodging
 + Level 3.5 Stealth
 + Level 3.5 Shields
 + Level 7.5 Unarmed Combat
 + Level 3.5 Spellcasting
 + Level 2.8 Conjurations
 + Level 2.8 Hexes
 + Level 2.8 Summonings
 + Level 2.8 Necromancy
 + Level 2.8 Translocations
 + Level 2.8 Transmutations
 + Level 2.8 Fire Magic
 + Level 2.8 Ice Magic
 + Level 2.8 Air Magic
 + Level 2.8 Earth Magic
 + Level 2.8 Poison Magic
 + Level 3.8 Invocations
 + Level 3.5 Evocations
 + Level 7.3 Shapeshifting


You had 13 spell levels left.
You knew the following spells:

 Your Spells              Type           Power      Damage    Failure   Level
a - Foxfire               Conj/Fire      36%        2x1d5     7%          1

Your spell library contained the following spells:

 Spells                   Type           Power      Damage    Failure   Level
 Sting                    Tmut/Pois      36%        1d4       7%          1
 Poisonous Vapours        Pois/Air       18%        N/A       11%         2
 Inner Flame              Hex/Fire       9%         N/A       22%         3
 Volatile Blastmotes      Fire/Tloc      18%        2d11      22%         3
 Fulminant Prism          Conj/Hex       4%         3d5       56%         4
 Iskenderun's Mystic Bla  Conj/Tloc      9%         2d4       56%         4
 Olgreb's Toxic Radiance  Pois           9%         N/A       56%         4
 Iskenderun's Battlesphe  Conj           9%         2d6       89%         5
 Yara's Violent Unravell  Hex/Tmut       4%         3d4       89%         5
 Bombard                  Conj/Erth      4%         9d2       100%        6
 Plasma Beam              Fire/Air       4%         2x1d14    100%        6
 Starburst                Conj/Fire      4%         6d4       100%        6
 Enfeeble                 Hex            4%         N/A       100%        7
 Spellforged Servitor     Conj/Summ      4%         N/A       100%        7
 Chain Lightning          Conj/Air       4%         3d6       100%        9
 Fire Storm               Conj/Fire      4%         8d1       100%        9
 Shatter                  Erth           4%         3d8*      100%        9


Dungeon Overview and Level Annotations

Branches:
Dungeon (6/15)             Temple (1/1) D:4

Altars:
Ashenzari
Cheibriados
Dithmenos
Elyvilon
Fedhas
Gozag
Hepliaklqana
Kikubaaqudgha
Makhleb
Nemelex Xobeh
Okawaru
Qazlal
Ru
Trog
Uskayaw
Vehumet
Xom
Zin
The Shining One

Shops:
D:3 !


Innate Abilities, Weirdness & Mutations

You are something dangerously unstable.
You glow with magical radiation, making you easy to see and hit.
Foes you strike become dangerously contaminated with magical radiation.
You are incapable of wielding weapons or throwing items.
You have very sharp teeth.
Your uncanny sense of smell can sniff out nearby items.
Your experience applies equally to all skills.


Message History

You hit the wight.
The wight begins to glow.
You bite the wight, but do no damage.
The wight is lightly damaged.
The wight hits you with a +3 halberd!
You feel drained.
You hit the wight but do no damage.
The wight glows dangerously bright.
The wight is lightly damaged.
The wight barely misses you.
You hit the wight.
The wight shudders as magic cascades through it.
The wight is moderately damaged.
The wight completely misses you.
You hit the wight.
The wight begins to glow.
The wight is severely damaged.
The wight completely misses you.
You barely miss the wight.
The wight is severely damaged.
The wight hits you with a +3 halberd!
You feel drained.
You hit the wight but do no damage.
The wight glows dangerously bright.
The wight is severely damaged.
You hit the wight.
The wight shudders as magic cascades through it!!
You destroy the wight!
Vehumet accepts your kill.
You hit the wight.
The wight begins to glow.
Your bite misses the wight.
The wight is lightly damaged.
The wight hits you with a +2 war axe!
* * * LOW HITPOINT WARNING * * *
You hit the wight.
The wight glows dangerously bright.
The wight is moderately damaged.
The wight closely misses you.
You hit the wight but do no damage.
The wight shudders as magic cascades through it!
You bite the wight, but do no damage.
The wight is severely damaged.
The wight closely misses you.
You hit the wight.
The wight begins to glow.
You bite the wight, but do no damage.
The wight is almost destroyed.
The wight hits you with a +2 war axe!
You die...

#.#..............##..
#.#.#.####....._.....
#.....# #............
###.### #....♣....##.
#.### #.........#
#...# ##._......#
###.# #......... #.#
###....### #p# #z#
..# .... ..>.# #..[..
..##.# .#. #.#


You could see a wight (contam).

Vanquished Creatures
  A water moccasin (D:5)
  An ice beast (D:5)
  A black bear (D:5)
  An ogre (D:5)
  A bullfrog (D:6)
  2 scorpions (D:4)
  4 wights (D:6)
  3 hounds
  An orc priest (D:5)
  A sleepcap (D:4)
  Crazy Yiuf (D:2)
  Terence (D:3)
  3 iguanas
  Natasha (thrice) (D:2)
  4 orc wizards
  4 adders
  2 worms
  4 dart slugs
  8 orcs
  11 ball pythons
  2 bats
  5 endoplasms
  A giant cockroach (D:3)
  6 goblins
  5 hobgoblins
  6 jackals (D:1)
  6 quokkas
  7 kobolds
  8 rats
103 creatures vanquished.

Vanquished Creatures (others)
  58 foxfires
58 creatures vanquished.

Grand Total: 161 creatures vanquished

Notes
Turn   | Place    | Note
-------+----------+-------------------------------------------
     0 | D:1      | zazu2006 the Gnoll Shapeshifter began the quest for the
                  | Orb.
     0 | D:1      | Reached XP level 1. HP: 17/17 MP: 1/1
   133 | D:1      | Reached XP level 2. HP: 18/23 MP: 2/2
   367 | D:1      | Reached XP level 3. HP: 17/28 MP: 3/3
   639 | D:1      | Reached skill level 1 in Invocations
  1122 | D:2      | Reached skill level 1 in Short Blades
  1122 | D:2      | Reached skill level 1 in Long Blades
  1122 | D:2      | Reached skill level 1 in Axes
  1122 | D:2      | Reached skill level 1 in Maces & Flails
  1122 | D:2      | Reached skill level 1 in Polearms
  1122 | D:2      | Reached skill level 1 in Staves
  1122 | D:2      | Reached skill level 1 in Ranged Weapons
  1122 | D:2      | Reached skill level 1 in Throwing
  1122 | D:2      | Reached skill level 1 in Armour
  1122 | D:2      | Reached skill level 1 in Stealth
  1122 | D:2      | Reached skill level 1 in Shields
  1122 | D:2      | Reached skill level 1 in Spellcasting
  1122 | D:2      | Reached skill level 1 in Evocations
  1460 | D:2      | Reached XP level 4. HP: 34/34 MP: 5/5
  1482 | D:2      | Found a runed translucent door.
  1485 | D:2      | Noticed Crazy Yiuf
  1492 | D:2      | Killed Crazy Yiuf
  1568 | D:2      | Reached skill level 1 in Conjurations
  1568 | D:2      | Reached skill level 1 in Hexes
  1568 | D:2      | Reached skill level 1 in Summonings
  1568 | D:2      | Reached skill level 1 in Necromancy
  1568 | D:2      | Reached skill level 1 in Translocations
  1568 | D:2      | Reached skill level 1 in Transmutations
  1568 | D:2      | Reached skill level 1 in Fire Magic
  1568 | D:2      | Reached skill level 1 in Ice Magic
  1568 | D:2      | Reached skill level 1 in Air Magic
  1568 | D:2      | Reached skill level 1 in Earth Magic
  1568 | D:2      | Reached skill level 1 in Poison Magic
  1592 | D:2      | Noticed Natasha
  1596 | D:2      | Killed Natasha
  1598 | D:2      | Reached XP level 5. HP: 30/40 MP: 5/7
  1677 | D:2      | Noticed Natasha
  1689 | D:2      | Killed Natasha
  1734 | D:2      | Noticed Natasha
  1813 | D:2      | Killed Natasha
  1974 | D:3      | Noticed Terence
  1997 | D:3      | Killed Terence
  2262 | D:3      | Found an opulent altar of Gozag.
  2271 | D:3      | Found a sparkling altar of Nemelex Xobeh.
  2336 | D:3      | Reached XP level 6. HP: 47/47 MP: 8/8
  2343 | D:3      | Learned a level 1 spell: Foxfire
  2354 | D:3      | Found a white marble altar of Elyvilon.
  2507 | D:3      | Found Soamof's Distillery.
  2522 | D:3      | Bought a potion of curing for 33 gold pieces
  2919 | D:4      | Reached skill level 5 in Dodging
  3371 | D:4      | Reached XP level 7. HP: 52/52 MP: 7/10
  3575 | D:4      | Found a glowing silver altar of Zin.
  3654 | D:5      | Entered Level 5 of the Dungeon
  3743 | D:4      | Found a staircase to the Ecumenical Temple.
  3758 | Temple   | Entered the Ecumenical Temple
  3787 | Temple   | Became a worshipper of Vehumet
  3842 | D:5      | Found an ancient bone altar of Kikubaaqudgha.
  4333 | D:5      | Reached XP level 8. HP: 39/60 MP: 12/12
  4904 | D:6      | Found a sacrificial altar of Ru.
  4955 | D:6      | Found a hide-covered altar of Uskayaw.
  4995 | D:6      | Slain by a wight

Illustrated notes

Levels and vault maps discovered:
D:1:      minmay_arrival_four_circles, layout_basic, st_stairs_7,
          kennysheep_decorative_pillar, minmay_misc_feat_cross, minivault_14,
          hangedman_decor_lopped, minmay_misc_feat_doors, moated_statue,
          minmay_misc_feat_rows, minmay_misc_feat_roman,
          kennysheep_pointless_box, minivault_26
D:2:      layout_rooms, bh_walls_and_bars, uniq_crazy_yiuf_cottage, uniq_natasha
D:3:      layout_basic, nicolae_overflow_hidden_temple,
          overflow_temple_1_default, mainiacjoe_overflow_small_starburst,
          serial_shops, nicolae_shop_waterfront, uniq_terence
D:4:      layout_gridville, zin_treasury, minmay_temple_entry_from_below_b,
          corexii_shack
D:5:      layout_rooms, kiku_gazebo_pond_becter
D:6:      layout_loops_corners, grunt_temple_overflow_open,
          gammafunk_temple_overflow_arena
Temple:   nicolae_temple_godzebo

Skill      XL: |  1  2  3  4  5  6  7  8 |
---------------+-------------------------+-----
Invocations    | 1 2 3 |  3.8
Short Blades   | 1 2 3 |  3.5
Long Blades    | 1 2 3 |  3.5
Axes           | 1 2 3 |  3.5
Maces & Flails | 1 2 3 |  3.5
Polearms       | 1 2 3 |  3.5
Staves         | 1 2 3 |  3.5
Ranged Weapons | 1 2 3 |  3.5
Throwing       | 1 2 3 |  3.5
Armour         | 1 2 3 |  3.5
Stealth        | 1 2 3 |  3.5
Shields        | 1 2 3 |  3.5
Spellcasting   | 1 2 3 |  3.5
Evocations     | 1 2 3 |  3.5
Conjurations   | 1 2 |  2.8
Hexes          | 1 2 |  2.8
Summonings     | 1 2 |  2.8
Necromancy     | 1 2 |  2.8
Translocations | 1 2 |  2.8
Transmutations | 1 2 |  2.8
Fire Magic     | 1 2 |  2.8
Ice Magic      | 1 2 |  2.8
Air Magic      | 1 2 |  2.8
Earth Magic    | 1 2 |  2.8
Poison Magic   | 1 2 |  2.8
Fighting       | 3 4 |  4.4
Dodging        | 5 |  5.8
Unarmed Combat | 7 |  7.5
Shapeshifting  | 7 |  7.3

Action                     |  1- 3 |  4- 6 |  7- 9 || total
---------------------------+-------+-------+-------++-------
  Melee: Unarmed           |   101 |    96 |   127 ||   324
         Bite              |     8 |    13 |    20 ||    41
         Punch             |       |     3 |       ||     3
   Cast: Foxfire           |       |    27 |     5 ||    32
Ability: Begin Untransform |     1 |       |     1 ||     2
    Use: Potion            |       |       |     2 ||     2
   Stab: Sleeping          |     2 |     1 |       ||     3
 Armour: Animal skin       |    43 |    26 |    51 ||   120
  Dodge: Dodged            |    66 |    80 |   109 ||   255
   Form: Beast             |     1 |       |       ||     1
         Flux              |       |       |     1 ||     1

Table legend: (Time is in decaauts)
 A = Elapsed time spent in this place.
 B = Non-inter-level travel time spent in this place.
 C = Inter-level travel time spent in this place.
 D = Time resting spent in this place.
 E = Time spent auto-exploring this place.
 F = Levels seen in this place.
 G = Mean time per level.
                   A        B        C        D        E       F      G
               +--------+--------+--------+--------+--------+-----+--------+
         Total |   4976 |   4805 |    171 |    273 |   3604 |   7 |  710.9 |
       Dungeon |   4917 |   4803 |    114 |    273 |   3604 |   6 |  819.5 |
        Temple |     58 |      1 |     57 |      0 |      0 |   1 |   58.0 |
               +--------+--------+--------+--------+--------+-----+--------+

Top non-repeatable levels by time:
     D:4: 1212 daAuts
     D:1: 1127 daAuts
     D:2: 849 daAuts
     D:5: 765 daAuts
     D:3: 602 daAuts
     D:6: 359 daAuts
  Temple: 58 daAuts
